 Dungeon Crawl Stone Soup version 0.31-a0-826-ga5cc291a1b (webtiles) character file.

Game seed: 3337726660365344053

116 qw the Shooter (level 5, -1/32 HPs)
             Began as a Gargoyle Hunter on Sept 23, 2023.
             Slain by a hound (4 damage)
             ... on level 4 of the Dungeon.
             The game lasted 00:00:57 (2602 turns).

qw the Shooter (Gargoyle Hunter)                    Turns: 2602, Time: 00:00:57

Health: -1/32      AC: 10    Str: 15    XL:     5   Next: 1%
Magic:  5/5        EV: 16    Int:  9    God:
Gold:   140        SH:  0    Dex: 15    Spells: 4/4 levels left

rFire   . . .        Y - +1 shortbow
rCold   . . .        (shield currently unavailable)
rNeg    + . .        e - +0 ring mail
rPois   inf          (no helmet)
rElec   +            d - +0 cloak
rCorr   .            (no gloves)
SInv    .            (no boots)
Will    .....        (no amulet)
Stlth   +            h - +5 ring of evasion
HPRegen 0.25/turn    (no ring)
MPRegen 0.09/turn

%: no passive effects
@: about to teleport
A: sickness immunity, AC +4, negative energy resistance 1, electricity
resistance, torment resistance 1, petrification resistance
a: no special abilities


You were on level 4 of the Dungeon.
You visited 1 branch of the dungeon, and saw 4 of its levels.

You collected 140 gold pieces.


Innate Abilities, Weirdness & Mutations

You are immune to sickness and miasma.
Your stone body is resilient. (AC +4)
You are immune to poison.
You resist negative energy. (rN+)
You are resistant to electric shocks. (rElec)
You are resistant to unholy torment.
You are immune to petrification.


   Skills:
 - Level 3.0 Fighting
 + Level 5.5 Ranged Weapons
 - Level 1.4 Armour
 - Level 1.5 Dodging
 - Level 1.1 Stealth


You had 4 spell levels left.
You didn't know any spells.
Your spell library was empty.

Inventory:

Hand Weapons
 Y - a +1 shortbow (weapon)
Armour
 d - a +0 cloak (worn)
 e - a +0 ring mail (worn)
Jewellery
 h - a +5 ring of evasion (left hand)
Scrolls
 a - a scroll of teleportation
Potions
 b - a potion of curing
 f - a potion of heal wounds

Dungeon Overview and Level Annotations

Branches:
Dungeon (4/15)
 Temple: D:4-7

Altars:

Annotations:
D:3 3 runed translucent doors, qw's ghost, amateur GrHu
D:4 Pikel


Message History

Pikel barely misses you. The lemure barely misses you.
The lemure closely misses you. Pikel barely misses you.
You shoot an arrow. The arrow hits the lemure.
The lemure is almost dead.
The lemure barely misses you. The lemure closely misses you.
Pikel hits you with a +0 whip of freezing!
Pikel freezes you.
You shoot an arrow. The arrow closely misses the lemure.
The lemure closely misses you. x2; Pikel completely misses you.
The orc hits you but does no damage.
You shoot an arrow. The arrow hits the lemure.
You kill the lemure!
That felt strangely unrewarding.
The lemure misses you. Pikel hits you but does no damage. The orc misses you.
The lemure misses you.
You shoot an arrow. The arrow hits the orc.
You kill the orc!
Pikel barely misses you. The lemure closely misses you.
The lemure hits you but does no damage.
You have reached level 5!
You shoot an arrow.
The arrow hits Pikel but does no damage.
Pikel is lightly wounded.
Pikel hits you but does no damage. The lemure misses you.
The hound completely misses you. The lemure completely misses you.
Pikel hits you but does no damage.
You shoot an arrow. The arrow hits Pikel!
Pikel is moderately wounded.
The hound completely misses you. The lemure closely misses you.
The lemure hits you but does no damage. Pikel closely misses you.
The hound misses you.
You shoot an arrow. The arrow misses Pikel.
The arrow hits the lemure but does no damage.
The hound bites you. The lemure hits you. The lemure barely misses you.
Pikel hits you but does no damage. The hound misses you.
2602 ||| READING 2 scrolls of teleportation.
As you read the scroll of teleportation, it crumbles to dust.
You feel strangely unstable. The lemure closely misses you.
The lemure misses you. The hound bites you.
You die...

............#
............
#.........#
#.........#
#.........#
#.........#
#5........#
#K5.<.....#
#@5.......#
##h......##
##.....##
#######


You could see Pikel, 3 lemures and a hound.

Vanquished Creatures
  A lemure (D:4)
  4 adders
  2 worms (D:2)
  3 dart slugs
  4 orcs
  7 endoplasms
  4 giant cockroaches
  2 goblins
  4 hobgoblins
  3 jackals (D:1)
  3 kobolds
  2 quokkas (D:1)
  8 ball pythons
  4 bats
  5 frilled lizards
  8 rats
  A spectral hobgoblin (D:1)
65 creatures vanquished.

Notes
Turn   | Place    | Note
-------+----------+-------------------------------------------
     0 | D:1      | qw the Gargoyle Hunter began the quest for the Orb.
     0 | D:1      | Reached XP level 1. HP: 12/12 MP: 1/1
     0 | D:1      | 0 ||| qw: Version: 0.3-a-83-gcd0e7d8
     0 | D:1      | 0 ||| qw: Game counter: 1829
     0 | D:1      | 0 ||| qw: Melee chars always use a shield: true
     0 | D:1      | 0 ||| qw: God list: Okawaru
     0 | D:1      | 0 ||| qw: Allow faded altars: false
     0 | D:1      | 0 ||| qw: Do Orc after clearing Dungeon:15 true
     0 | D:1      | 0 ||| qw: Do second Lair branch before Depths: true
     0 | D:1      | 0 ||| qw: Lair rune preference: random
     0 | D:1      | 0 ||| qw: Goals: Normal
     0 | D:1      | 0 ||| PLANNING D:1-11
    85 | D:1      | Reached XP level 2. HP: 17/17 MP: 2/2
   281 | D:1      | Reached XP level 3. HP: 21/21 MP: 3/3
   338 | D:1      | Reached skill level 5 in Ranged Weapons
   451 | D:1      | Found a faded altar of an unknown god.
   648 | D:1      | 648 ||| UPGRADING to +0 cloak.
   653 | D:1      | 653 ||| UPGRADING to +0 ring mail.
   663 | D:1      | 663 ||| DROPPING +0 leather armour.
   664 | D:1      | 664 ||| UPGRADING to +5 ring of evasion.
   665 | D:1      | 665 ||| READING scroll labelled MYASUE ISEO.
   666 | D:1      | 666 ||| READING scroll labelled BORCHUY QALAWAG.
   667 | D:1      | 667 ||| READING scroll labelled LAOFRUAXZI.
   668 | D:1      | 668 ||| READING scroll labelled OREYPN EPUET.
   669 | D:1      | 669 ||| DROPPING scroll of butterflies.
   852 | D:2      | Reached skill level 1 in Armour
   908 | D:2      | 908 ||| READING 3 scrolls labelled ZOUNOO TEOCKU.
   911 | D:2      | 911 ||| READING scroll labelled RICOLE COLIARR.
   940 | D:2      | 940 ||| STAIRDANCE
   944 | D:2      | 944 ||| STAIRDANCE
   948 | D:2      | 948 ||| STAIRDANCE
   952 | D:2      | 952 ||| STAIRDANCE
   956 | D:2      | 956 ||| STAIRDANCE
   960 | D:2      | 960 ||| STAIRDANCE
   964 | D:2      | 964 ||| STAIRDANCE
   968 | D:2      | 968 ||| STAIRDANCE
   972 | D:2      | 972 ||| STAIRDANCE
   976 | D:2      | 976 ||| STAIRDANCE
   980 | D:2      | 980 ||| STAIRDANCE
   984 | D:2      | 984 ||| STAIRDANCE
   988 | D:2      | 988 ||| STAIRDANCE
   992 | D:2      | 992 ||| STAIRDANCE
   996 | D:2      | 996 ||| STAIRDANCE
  1000 | D:2      | 1000 ||| STAIRDANCE
  1004 | D:2      | 1004 ||| STAIRDANCE
  1008 | D:2      | 1008 ||| STAIRDANCE
  1012 | D:2      | 1012 ||| STAIRDANCE
  1016 | D:2      | 1016 ||| STAIRDANCE
  1075 | D:1      | 1075 ||| DRINKING 2 clear potions.
  1101 | D:2      | Reached XP level 4. HP: 27/27 MP: 4/4
  1119 | D:2      | Reached skill level 3 in Fighting
  1558 | D:2      | 1558 ||| DRINKING 2 yellow potions.
  1559 | D:2      | 1559 ||| DRINKING 2 fuming coppery potions.
  1664 | D:2      | 1664 ||| DROPPING potion of berserk rage.
  1714 | D:3      | Found a runed translucent gate.
  2415 | D:3      | Found a runed translucent gate.
  2416 | D:3      | Found a runed translucent gate.
  2420 | D:3      | Noticed qw's ghost (amateur GrHu)
  2551 | D:3      | 2551 ||| READING scroll labelled CETATA OPYTIR.
  2580 | D:4      | Noticed Pikel
  2580 | D:4      | Noticed a lemure
  2580 | D:4      | Noticed a lemure
  2580 | D:4      | Noticed a lemure
  2584 | D:4      | Noticed a lemure
  2585 | D:4      | 2585 ||| RETREEAATING.
  2586 | D:4      | 2586 ||| STILL RETREEAATING.
  2587 | D:4      | 2587 ||| STILL RETREEAATING.
  2588 | D:4      | 2588 ||| STILL RETREEAATING.
  2589 | D:4      | 2589 ||| STILL RETREEAATING.
  2597 | D:4      | Killed a lemure
  2599 | D:4      | Reached XP level 5. HP: 10/32 MP: 5/5
  2601 | D:4      | HP: 8/32 [hound (3)]
  2601 | D:4      | HP: 2/32 [lemure[Pikel] (6)]
  2602 | D:4      | 2602 ||| READING 2 scrolls of teleportation.
  2602 | D:4      | Slain by a hound

Levels and vault maps discovered:
D:1:      dpeg_arrival_connections, layout_basic,
          dreamdust_ecumenical_altar_drowned_temple
D:2:      layout_basic, minmay_tripent
D:3:      layout_basic, gammafunk_ghost_necromancy
D:4:      layout_rooms, uniq_pikel, uniq_sigmund

Skill      XL: |  1  2  3  4 |
---------------+-------------+-----
Ranged Weapons | 5 |  5.5
Armour         | 1 |  1.4
Fighting       | 3 |  3.0
Dodging        | |  1.5
Stealth        | |  1.1

Action                     |  1- 3 |  4- 6 || total
---------------------------+-------+-------++-------
   Fire: Shortbow          |   100 |    82 ||   182
    Use: Scroll            |     6 |     2 ||     8
         Potion            |     1 |     2 ||     3
 Armour: Leather armour    |    16 |       ||    16
         Ring mail         |     2 |    17 ||    19
  Dodge: Dodged            |    30 |    57 ||    87

Table legend:
 A = Non-vault XP
 B = Vault XP
 C = Vault XP percentage of total XP
 D = Non-vault monster count
 E = Vault monster count
 F = Vault count percentage of total count
                 A         B        C        D         E       F
            +---------+---------+-------+---------+---------+-------
      Total |     162 |       5 |   3.0 |      61 |       3 |   4.7
            +---------+---------+-------+---------+---------+-------
        D:1 |      42 |       1 |   2.3 |      25 |       1 |   3.8
        D:2 |      63 |       4 |   6.0 |      17 |       2 |  10.5
        D:3 |      54 |       0 |   0.0 |      18 |       0 |   0.0
        D:4 |       3 |       0 |   0.0 |       1 |       0 |   0.0
            +---------+---------+-------+---------+---------+-------
